[Event "Titled Tuesday Blitz August 22 Early 2023"]
[White "Tanwir, Furqan"]
[Black "Martins, Bruno Andre Leite"]
[WhiteFideId "2023962"]
[BlackFideId "1942255"]
[WhiteElo "2361"]
[BlackElo "2549"]
[Result "1-0"]
[Round "7"]
[TimeControl "180+1"]
[Date "2023.08.22"]
[WhiteClock "0:02:22"]
[BlackClock "0:00:56"]
[Board "158"]

1. e4 c5 2. Nf3 d6 3. d4 cxd4 4. Nxd4 Nf6 5. Nc3 a6 6. Bg5 e6 7. f4 Be7 8. Qf3 Qc7 9. O-O-O Nbd7 10. Bd3 b6 11. Rhe1 Bb7 12. Nd5 exd5 13. Nf5 Kf8 14. Nxe7 Kxe7 15. e5 dxe5 16. fxe5 Nxe5 17. Qf4 Rhe8 18. Rxe5+ Kf8 19. Bxf6 Rxe5 20. Bxe5 Qc6 21. Bxh7 Rc8 22. Bd3 a5 23. Re1 Ba6 24. Bf5 Bc4 25. Bxc8 1-0


[Site "https://www.chess.com"]

[Event "Titled Tuesday Blitz August 22 Early 2023"]
[White "Hnydiuk, Aleksander"]
[Black "Bifulco, Michel"]
[WhiteFideId "1109057"]
[BlackFideId "828580"]
[WhiteElo "2535"]
[BlackElo "2342"]
[Result "0-1"]
[Round "7"]
[TimeControl "180+1"]
[Date "2023.08.22"]
[WhiteClock "0:00:00"]
[BlackClock "0:00:05"]
[Board "159"]

1. e4 e5 2. Nf3 Nc6 3. d4 exd4 4. Nxd4 Nf6 5. Nxc6 bxc6 6. e5 Qe7 7. Qe2 Nd5 8. h4 Qe6 9. Nd2 Nb4 10. Nf3 Ba6 11. c4 d5 12. b3 Bc5 13. a3 dxc4 14. axb4 Bxb4+ 15. Bd2 c3 16. Rxa6 cxd2+ 17. Nxd2 Rd8 18. Ra2 Qxb3 19. Qc4 Bxd2+ 20. Rxd2 Qb1+ 21. Ke2 O-O 22. Rxd8 Rxd8 23. Kf3 h5 24. Kg3 Qe1 25. Qf4 Rd1 26. Kh2 Ra1 27. g3 Ra2 0-1


[Site "https://www.chess.com"]

[Event "Titled Tuesday Blitz August 22 Early 2023"]
[White "Buscar, Michael"]
[Black "Mihailidis, Anastasios"]
[WhiteFideId "2603616"]
[BlackFideId "4205588"]
[WhiteElo "2360"]
[BlackElo "2523"]
[Result "0-1"]
[Round "7"]
[TimeControl "180+1"]
[Date "2023.08.22"]
[WhiteClock "0:00:07"]
[BlackClock "0:00:08"]
[Board "160"]

1. d4 d5 2. c4 e6 3. Nc3 Nf6 4. cxd5 exd5 5. Nf3 Be7 6. Qc2 c6 7. Bg5 h6 8. Bh4 O-O 9. e3 Re8 10. Bd3 Ne4 11. Bxe7 Qxe7 12. Nd2 Nxd2 13. Qxd2 Nd7 14. Bf5 Nf6 15. Bxc8 Raxc8 16. O-O Ng4 17. h3 Nf6 18. Rab1 b5 19. Qd3 Nd7 20. Rbc1 Nb6 21. b3 Qb4 22. Rc2 a5 23. Rfc1 Qd6 24. Qf5 g6 25. Qg4 h5 26. Qg5 Qd7 27. Ne2 a4 28. Nf4 Kh7 29. g4 hxg4 30. hxg4 Rh8 31. Kg2 Kg7 32. Nh5+ Kf8 33. Qf6 Qxg4+ 34. Ng3 Qh3+ 35. Kf3 Rh5 36. Rxc6 Rf5+ 37. Qxf5 gxf5 38. Rxc8+ Nxc8 39. Rxc8+ Kg7 40. Rc5 Qg4+ 41. Kg2 axb3 42. axb3 b4 43. Rxd5 Qd1 44. Nxf5+ Kf6 45. Nd6 Qxb3 46. Ne4+ Kg7 47. Rg5+ Kf8 48. Nc5 Qc2 49. Rh5 b3 50. Rh8+ Kg7 51. Rc8 Kh7 52. Rc7 Qg6+ 53. Kf3 b2 54. Rb7 b1=Q 55. Rxb1 Qxb1 56. Nd7 Kg7 57. Ne5 Qf5+ 58. Kg3 Qe4 59. Nf3 f6 60. Nh4 Kh6 61. Ng2 Kg5 62. Nf4 Qh1 63. Nh3+ Kg6 64. Nf4+ Kf5 65. Ng2 Qh5 66. Nh4+ Ke4 67. Ng2 Qg5+ 68. Kh2 Kf3 69. Nf4 Qh4+ 70. Nh3 Qg4 71. d5 Qg2# 0-1


[Site "https://www.chess.com"]

[Event "Titled Tuesday Blitz August 22 Early 2023"]
[White "Ardila, Oscar Humberto"]
[Black "Tikhonov, Viacheslav"]
[WhiteFideId "4404742"]
[BlackFideId "44196407"]
[WhiteElo "2333"]
[BlackElo "2495"]
[Result "0-1"]
[Round "7"]
[TimeControl "180+1"]
[Date "2023.08.22"]
[WhiteClock "0:00:09"]
[BlackClock "0:00:06"]
[Board "161"]

1. d4 Nf6 2. c4 g6 3. Nc3 d5 4. Nf3 Bg7 5. e3 O-O 6. Be2 c5 7. O-O cxd4 8. Nxd4 Nc6 9. Nxc6 bxc6 10. Qa4 Qb6 11. cxd5 cxd5 12. Rd1 Bb7 13. Qa3 e5 14. Na4 Qc6 15. Bd2 d4 16. Bf1 Nd5 17. Rac1 Qf6 18. exd4 exd4 19. Nc5 Bc8 20. Bc4 Nf4 21. Ne4 Qe5 22. Re1 Ne6 23. Bb4 Bb7 24. Bd6 Qf5 25. Ng3 Qg5 26. Bxf8 Bxf8 27. Qb3 Nc5 28. Bxf7+ Kh8 29. Qc4 Ba6 30. Qd5 Qxd5 31. Bxd5 Rd8 32. Bc4 d3 33. Bxa6 d2 34. Bc4 Bg7 35. Rcd1 dxe1=Q+ 36. Rxe1 h5 37. b3 Rd2 38. Nf1 Rxa2 39. Re8+ Kh7 40. Re7 Rb2 41. h3 a5 42. g4 hxg4 43. hxg4 Nxb3 44. Bxb3 Rxb3 45. Ng3 a4 46. Ra7 a3 47. Ne4 Kg8 48. Ng5 Bb2 49. Ra8+ Kg7 50. Ra7+ Kf6 51. Ne4+ Ke5 52. Nc5 Rc3 53. Nd7+ Kd4 54. Ra4+ Rc4 55. Ra6 Kc3 56. Nb6 Rxg4+ 57. Kf1 Kb3 58. Na4 Rxa4 59. Rb6+ Rb4 60. Rxg6 a2 61. Kg2 a1=Q 62. Rg3+ 0-1


[Site "https://www.chess.com"]

[Event "Titled Tuesday Blitz August 22 Early 2023"]
[White "Pace, Christopher"]
[Black "Goffredo_Fofi"]
[WhiteFideId "2610167"]
[WhiteElo "2330"]
[BlackElo "2491"]
[Result "1-0"]
[Round "7"]
[TimeControl "180+1"]
[Date "2023.08.22"]
[WhiteClock "0:00:18"]
[BlackClock "0:00:03"]
[Board "162"]

1. e4 g6 2. d4 Bg7 3. Nc3 c6 4. Be3 d5 5. f3 dxe4 6. fxe4 Nf6 7. Nf3 O-O 8. Be2 Nbd7 9. O-O Ng4 10. Bc1 e5 11. dxe5 Qb6+ 12. Qd4 Qxd4+ 13. Nxd4 Bxe5 14. Nf3 Bg7 15. h3 Nge5 16. Be3 Nxf3+ 17. Bxf3 Ne5 18. Be2 Be6 19. Rad1 b5 20. a4 a6 21. Bc5 Rfe8 22. Kh1 Bc4 23. Bd4 Bxe2 24. Nxe2 Rad8 25. axb5 axb5 26. b3 Rd7 27. Bxe5 Rxd1 28. Rxd1 Rxe5 29. Rd8+ Bf8 30. Nd4 Rxe4 31. Nxc6 Kg7 32. Kg1 Re2 33. c4 bxc4 34. bxc4 Rc2 35. Ne5 Kf6 36. Rxf8 Kxe5 37. Rxf7 Rxc4 38. Rxh7 Kf4 39. Kh2 Rc2 40. Rf7+ Kg5 41. Rf3 Kh5 42. Rg3 g5 43. Rf3 Ra2 44. Kg3 Rb2 45. Ra3 Rc2 46. Ra8 Rc3+ 47. Kh2 Rb3 48. Ra6 Rc3 49. g4+ Kh4 50. Rh6# 1-0


[Site "https://www.chess.com"]

[Event "Titled Tuesday Blitz August 22 Early 2023"]
[White "Battlecruiser_Operational"]
[Black "Yurasova, Daria"]
[BlackFideId "34146919"]
[WhiteElo "2323"]
[BlackElo "2487"]
[Result "0-1"]
[Round "7"]
[TimeControl "180+1"]
[Date "2023.08.22"]
[WhiteClock "0:00:01"]
[BlackClock "0:00:10"]
[Board "163"]

1. d4 d5 2. c4 c6 3. Nf3 Nf6 4. e3 Bf5 5. Bd3 Bg6 6. Nc3 e6 7. O-O Be7 8. Qe2 O-O 9. e4 dxe4 10. Nxe4 Nxe4 11. Bxe4 Bxe4 12. Qxe4 Nd7 13. Rd1 Nf6 14. Qe2 Qc7 15. Bg5 Rad8 16. Rd3 b5 17. Rc1 Qb7 18. Ne5 a6 19. b3 Rd6 20. Qf3 bxc4 21. Rxc4 Nd5 22. Bxe7 Nxe7 23. Rdc3 Qa7 24. Qf4 Nd5 25. Qg3 Nxc3 26. Qxc3 h6 27. Nxc6 Qd7 28. Ne5 Qb5 29. h4 Qd5 30. Qb4 a5 31. Qa3 Rfd8 32. Nf3 Qe4 33. Qxa5 Rd5 34. Qb6 Qb1+ 35. Kh2 Qxa2 36. Rc7 Qxf2 37. Qb7 Rf5 38. b4 Qe3 39. b5 Qf4+ 40. Kh1 Rxb5 41. Qxb5 Qxc7 42. Kg1 Qc1+ 43. Kf2 Qc7 44. Ke3 Qd7 45. Qb2 Rb8 46. Qc3 Rc8 47. Qb4 Qc7 48. Qb5 Qc3+ 49. Kf4 Qc6 50. Kg3 Qxb5 0-1


[Site "https://www.chess.com"]

[Event "Titled Tuesday Blitz August 22 Early 2023"]
[White "Shuvalov, Evgenij"]
[Black "Coelho, Ramyres Santana"]
[WhiteFideId "4187237"]
[BlackFideId "2120690"]
[WhiteElo "2466"]
[BlackElo "2321"]
[Result "1-0"]
[Round "7"]
[TimeControl "180+1"]
[Date "2023.08.22"]
[WhiteClock "0:01:05"]
[BlackClock "0:00:00"]
[Board "164"]

1. d4 Nf6 2. c4 g6 3. Nc3 d6 4. e4 Bg7 5. Nf3 O-O 6. Be2 e5 7. O-O Nc6 8. d5 Ne7 9. Ne1 Nd7 10. f3 f5 11. g4 f4 12. h4 Nf6 13. Rf2 h5 14. g5 Nh7 15. Nd3 b6 16. Bf1 a5 17. a3 Bd7 18. b3 Nc8 19. Rg2 Rf7 20. Bb2 Bf8 21. b4 Be7 22. c5 Bh3 23. Rh2 Bxf1 24. Qxf1 Nxg5 25. hxg5 Bxg5 26. Nb5 axb4 27. axb4 Rxa1 28. Qxa1 bxc5 29. bxc5 Bh4 30. Qa8 Bg3 31. Rc2 Rf8 32. cxd6 cxd6 33. Rxc8 Qxc8 34. Qxc8 Rxc8 35. Nxd6 Rc2 36. Bxe5 g5 37. Nf5 Rd2 38. Nb4 h4 39. Bc3 Re2 40. Nh6+ Kh7 41. Ng4 h3 42. d6 Rg2+ 43. Kf1 1-0


[Site "https://www.chess.com"]

[Event "Titled Tuesday Blitz August 22 Early 2023"]
[White "Omariev, Maksim"]
[Black "disciplinedbrat"]
[WhiteFideId "4193423"]
[WhiteElo "2463"]
[BlackElo "2321"]
[Result "1-0"]
[Round "7"]
[TimeControl "180+1"]
[Date "2023.08.22"]
[WhiteClock "0:00:05"]
[BlackClock "0:00:07"]
[Board "165"]

1. e4 e6 2. d4 d5 3. Nc3 dxe4 4. Nxe4 Nd7 5. Nf3 Ndf6 6. Bd3 Nxe4 7. Bxe4 Nf6 8. Bd3 Bd7 9. Qe2 Bc6 10. c3 Be7 11. Bf4 O-O 12. O-O-O Bd5 13. Kb1 c5 14. dxc5 Bxc5 15. c4 Bxf3 16. Qxf3 Qb6 17. Be5 Ne8 18. h4 f5 19. g4 fxg4 20. Qxg4 Rxf2 21. h5 Qc6 22. h6 Qg2 23. Bxh7+ Kf7 24. Bg8+ Kxg8 25. Qxe6+ Kf8 26. hxg7+ Nxg7 27. Rh8# 1-0


[Site "https://www.chess.com"]

[Event "Titled Tuesday Blitz August 22 Early 2023"]
[White "Yeritsyan, Hayk"]
[Black "micke12a"]
[WhiteFideId "13307320"]
[WhiteElo "2450"]
[BlackElo "2320"]
[Result "1-0"]
[Round "7"]
[TimeControl "180+1"]
[Date "2023.08.22"]
[WhiteClock "0:00:23"]
[BlackClock "0:00:05"]
[Board "166"]

1. Nf3 Nf6 2. g3 g6 3. Bg2 Bg7 4. O-O O-O 5. e3 c5 6. Nc3 Nc6 7. d4 cxd4 8. Nxd4 Nxd4 9. exd4 d5 10. Bf4 Bf5 11. Re1 a6 12. Be5 Be6 13. Qf3 Rc8 14. h3 b5 15. a3 Ne4 16. Nxe4 dxe4 17. Qxe4 Bxe5 18. dxe5 Bf5 19. Qb7 Rxc2 20. Rad1 Rd2 21. Bd5 Rxd1 22. Rxd1 Be4 23. Rd4 Bxd5 24. Rxd5 Qc8 25. Qxe7 Qxh3 26. Rd8 Rxd8 27. Qxd8+ Kg7 28. Qf6+ Kg8 29. Qxa6 Qd7 30. Kh2 Qd5 31. Qf6 Qd2 32. e6 fxe6 33. Qxe6+ Kg7 34. Qe5+ Kg8 35. Kg2 Qd7 36. Qe4 Kg7 37. b3 h6 38. a4 bxa4 39. bxa4 h5 40. a5 g5 41. a6 h4 42. Qe5+ Kg6 43. Qe4+ Kg7 44. gxh4 gxh4 45. Qb7 1-0


[Site "https://www.chess.com"]

[Event "Titled Tuesday Blitz August 22 Early 2023"]
[White "Derichs, Roger"]
[Black "Kaganskiy, Gleb"]
[WhiteFideId "4630076"]
[BlackFideId "4132025"]
[WhiteElo "2442"]
[BlackElo "2311"]
[Result "0-1"]
[Round "7"]
[TimeControl "180+1"]
[Date "2023.08.22"]
[WhiteClock "0:01:29"]
[BlackClock "0:01:49"]
[Board "167"]

1. Nf3 d5 2. c4 e6 3. g3 Nf6 4. Bg2 Be7 5. O-O O-O 6. b3 c5 7. e3 d4 8. exd4 cxd4 9. Re1 Nc6 10. Ne5 Nxe5 11. Rxe5 Ne8 12. d3 f6 13. Re2 e5 14. h3 Nd6 15. f4 Nf7 16. Na3 Rb8 17. Nc2 Bd7 18. fxe5 fxe5 19. Ba3 Bxa3 20. Nxa3 Bc6 21. Nc2 Bxg2 22. Kxg2 b5 23. c5 Qd5+ 24. Kh2 Ng5 25. Ne1 Rf1 26. Rg2 Rxe1 0-1


[Site "https://www.chess.com"]

[Event "Titled Tuesday Blitz August 22 Early 2023"]
[White "Acikel, Mert"]
[Black "Melnichuk, Mikhail"]
[WhiteFideId "12956465"]
[BlackFideId "14117533"]
[WhiteElo "2309"]
[BlackElo "2438"]
[Result "0-1"]
[Round "7"]
[TimeControl "180+1"]
[Date "2023.08.22"]
[WhiteClock "0:00:26"]
[BlackClock "0:01:09"]
[Board "168"]

1. e4 e5 2. Nf3 Nf6 3. Nxe5 d6 4. Nf3 Nxe4 5. d4 d5 6. Bd3 Bd6 7. O-O Bf5 8. Re1 O-O 9. Nbd2 Nxd2 10. Qxd2 Bxd3 11. Qxd3 Nd7 12. Bg5 f6 13. Be3 c6 14. h3 Qb6 15. b3 Rae8 16. Rad1 Re4 17. c4 Qa5 18. Re2 Rfe8 19. Rde1 Bb4 20. Bd2 Bxd2 21. Nxd2 Rxe2 22. Rxe2 Rxe2 23. Qxe2 Nf8 24. Nf1 dxc4 25. bxc4 Qc3 26. d5 cxd5 27. cxd5 Qd4 28. Ne3 a6 29. Qh5 Qa1+ 30. Kh2 Qxa2 31. Qf5 b5 32. d6 Qe6 33. Qc5 Qe5+ 34. Qxe5 fxe5 35. Nd5 Kf7 36. Nc7 b4 0-1


[Site "https://www.chess.com"]

[Event "Titled Tuesday Blitz August 22 Early 2023"]
[White "Goldin, Roman"]
[Black "GAO"]
[WhiteFideId "2803860"]
[WhiteElo "2422"]
[BlackElo "2290"]
[Result "1-0"]
[Round "7"]
[TimeControl "180+1"]
[Date "2023.08.22"]
[WhiteClock "0:00:16"]
[BlackClock "0:00:08"]
[Board "169"]

1. e4 c5 2. Nf3 Nc6 3. c3 g6 4. d4 cxd4 5. cxd4 d5 6. exd5 Qxd5 7. Nc3 Qd6 8. d5 Ne5 9. Nb5 Nxf3+ 10. Qxf3 Qe5+ 11. Be2 Bh6 12. O-O a6 13. Na3 Bxc1 14. Raxc1 Nf6 15. Nc4 Qd4 16. Rfd1 Qa7 17. d6 Bg4 18. Qd3 Bxe2 19. Qxe2 e6 20. Qe5 Qxf2+ 21. Kxf2 Ng4+ 22. Kg3 Nxe5 23. Nxe5 O-O 24. Rc7 b5 25. d7 f6 26. Nc6 e5 27. d8=Q Rfxd8 28. Nxd8 1-0


[Site "https://www.chess.com"]

[Event "Titled Tuesday Blitz August 22 Early 2023"]
[White "Rosenberg, Evan S"]
[Black "laimis61"]
[WhiteFideId "2019299"]
[WhiteElo "2418"]
[BlackElo "2276"]
[Result "0-1"]
[Round "7"]
[TimeControl "180+1"]
[Date "2023.08.22"]
[WhiteClock "0:00:51"]
[BlackClock "0:01:02"]
[Board "170"]

1. d4 d5 2. Nf3 e6 3. c4 dxc4 4. e3 Nf6 5. Bxc4 c5 6. O-O a6 7. a4 Nc6 8. Nc3 Be7 9. d5 exd5 10. Nxd5 Nxd5 11. Qxd5 Qxd5 12. Bxd5 Nb4 13. Bc4 O-O 14. Bd2 Bf5 15. Bc3 Rad8 16. h3 h6 17. Rfd1 Bc2 18. Rdc1 Be4 19. Kf1 Nd3 20. Rd1 Nb4 21. Bxb4 cxb4 22. Ke2 Bf6 23. Nd4 Bxg2 24. Rg1 Bxh3 25. b3 Bxd4 26. exd4 Rxd4 27. Rg3 Re8+ 28. Kf3 Bd7 29. Rag1 Bc6+ 0-1


[Site "https://www.chess.com"]

[Event "Titled Tuesday Blitz August 22 Early 2023"]
[White "Baghdasaryan, Vahe"]
[Black "Hoffmann, Asa"]
[WhiteFideId "13303139"]
[BlackFideId "2001470"]
[WhiteElo "2414"]
[BlackElo "2274"]
[Result "0-1"]
[Round "7"]
[TimeControl "180+1"]
[Date "2023.08.22"]
[WhiteClock "0:00:00"]
[BlackClock "0:01:03"]
[Board "171"]

1. e4 d6 2. d4 Nf6 3. Nc3 c6 4. f4 Qa5 5. Bd3 e5 6. Nf3 exd4 7. Nxd4 Qb6 8. Nf3 Be7 9. Qe2 O-O 10. Rb1 d5 11. e5 Ne8 12. Be3 Bc5 13. Bd2 Nd7 14. a3 h6 15. b4 Be7 16. Be3 Qd8 17. Na4 a5 18. b5 Bxa3 19. O-O Qe7 20. bxc6 bxc6 21. Nd4 c5 22. Nf5 Qe6 23. Ng3 d4 24. Be4 Ba6 25. Qf3 Rc8 0-1


[Site "https://www.chess.com"]

[Event "Titled Tuesday Blitz August 22 Early 2023"]
[White "AndresDelgado77"]
[Black "Tomaszewski, Kacper"]
[BlackFideId "1127373"]
[WhiteElo "2241"]
[BlackElo "2413"]
[Result "1-0"]
[Round "7"]
[TimeControl "180+1"]
[Date "2023.08.22"]
[WhiteClock "0:00:07"]
[BlackClock "0:00:55"]
[Board "172"]

1. e4 e6 2. d4 d5 3. e5 c5 4. c3 Ne7 5. Bd3 Nf5 6. Nf3 Nc6 7. O-O cxd4 8. Bxf5 exf5 9. Nxd4 Be7 10. f4 Be6 11. Nd2 O-O 12. N2f3 Kh8 13. Qe1 Nxd4 14. cxd4 Rc8 15. Bd2 b5 16. Bb4 Rc2 17. Rf2 Rxf2 18. Kxf2 Bxb4 19. Qxb4 a6 20. Rc1 h6 21. h4 Re8 22. Rc6 Qa8 23. Qd6 Rc8 24. Rxa6 Rc2+ 25. Kg3 Qe8 26. Rb6 Rxb2 27. Rb8 Bc8 28. Qc5 Kh7 29. Rxc8 Qe6 30. h5 g5 31. Qf8 gxf4+ 32. Kxf4 Qxc8 33. Qxc8 Rxg2 34. Qxf5+ Kg8 35. e6 fxe6 36. Qxe6+ Kh7 37. Ne5 Rf2+ 38. Ke3 Rg2 39. Ng6 Rg3+ 40. Kf2 Rg5 41. Qf7# 1-0


[Site "https://www.chess.com"]

[Event "Titled Tuesday Blitz August 22 Early 2023"]
[White "Farmani Anosheh, Armin"]
[Black "KSho99"]
[WhiteFideId "24613240"]
[WhiteElo "2410"]
[BlackElo "2239"]
[Result "1-0"]
[Round "7"]
[TimeControl "180+1"]
[Date "2023.08.22"]
[WhiteClock "0:00:40"]
[BlackClock "0:00:53"]
[Board "173"]

1. e4 b6 2. d4 Bb7 3. Bd3 g6 4. Nf3 Bg7 5. O-O d6 6. Re1 Nd7 7. Nc3 e6 8. Bf4 Ne7 9. Qd2 h6 10. a4 a6 11. Bg3 c5 12. dxc5 Nxc5 13. b4 Nxd3 14. cxd3 O-O 15. Rac1 d5 16. Qe2 d4 17. Nb1 Qd7 18. Rc7 Qxa4 19. Rxb7 Nc6 20. Rxb6 Nxb4 21. Bd6 1-0


[Site "https://www.chess.com"]

[Event "Titled Tuesday Blitz August 22 Early 2023"]
[White "ExchangeAB"]
[Black "Thiel, Thomas"]
[BlackFideId "4615964"]
[WhiteElo "2407"]
[BlackElo "2237"]
[Result "1-0"]
[Round "7"]
[TimeControl "180+1"]
[Date "2023.08.22"]
[WhiteClock "0:00:14"]
[BlackClock "0:00:00"]
[Board "174"]

1. d4 d5 2. Nc3 Nf6 3. Bf4 c5 4. e3 a6 5. dxc5 Nc6 6. a3 Bf5 7. b4 e6 8. Nf3 Be7 9. Bd3 Bxd3 10. cxd3 d4 11. Ne4 dxe3 12. fxe3 Nd5 13. Nd6+ Bxd6 14. Bxd6 Nxe3 15. Qe2 Nd5 16. O-O Qd7 17. Qb2 O-O-O 18. Rfb1 Nce7 19. a4 Nf5 20. Be5 f6 21. Bg3 Nxg3 22. hxg3 Nc7 23. d4 g5 24. b5 axb5 25. axb5 g4 26. c6 Qd6 27. b6 gxf3 28. cxb7+ Kd7 29. bxc7 Qxc7 30. d5 Qc5+ 31. Kh2 e5 32. gxf3 h5 33. Rc1 Qe3 34. Qb5+ Ke7 35. Rc7+ Kf8 36. Qc5+ Kg8 37. Qxe3 1-0


[Site "https://www.chess.com"]

[Event "Titled Tuesday Blitz August 22 Early 2023"]
[White "Rom, Jasper"]
[Black "Sailer, Mike"]
[WhiteFideId "2023733"]
[BlackFideId "2012901"]
[WhiteElo "2404"]
[BlackElo "2228"]
[Result "0-1"]
[Round "7"]
[TimeControl "180+1"]
[Date "2023.08.22"]
[WhiteClock "0:00:00"]
[BlackClock "0:00:06"]
[Board "175"]

1. e4 d5 2. exd5 Qxd5 3. Nc3 Qd6 4. d4 c6 5. Nf3 Bg4 6. Be2 Nf6 7. h3 Bh5 8. Be3 e6 9. Qd2 Be7 10. O-O-O Nbd7 11. a3 Qc7 12. Kb1 O-O-O 13. Bf4 Bd6 14. Bg5 h6 15. Be3 Kb8 16. g4 Bg6 17. Bd3 Bxd3 18. Qxd3 Nb6 19. Qe2 Nbd5 20. Bd2 Nxc3+ 21. Bxc3 Nd5 22. Bd2 Bf4 23. c4 Bxd2 24. cxd5 Bf4 25. dxe6 Rhe8 26. Rhe1 Rxe6 27. Qc4 Rde8 28. Rxe6 Rxe6 29. d5 cxd5 30. Qxc7+ Kxc7 31. Rxd5 g6 32. Nd4 Re1+ 33. Ka2 a6 34. Rc5+ Kd6 35. Rc2 Rh1 36. Rc3 Be5 37. Rd3 Bxd4 38. Rxd4+ Ke6 39. Re4+ Kd6 40. Rf4 Ke6 41. Re4+ Kd6 42. Rb4 b5 43. Rf4 Ke6 44. Rf3 Re1 45. Kb3 Re2 46. Kc3 f5 47. gxf5+ gxf5 48. b4 Ke5 49. Kd3 Ra2 50. Re3+ Kf4 51. Re6 Rxa3+ 52. Ke2 h5 53. Rh6 Kg5 54. Rd6 Ra2+ 55. Kf1 f4 56. Rd4 f3 57. Kg1 Rb2 58. Kh2 Ra2 59. Kg3 a5 60. bxa5 Rxa5 61. Kxf3 Ra4 62. Rd5+ Kh4 63. Kg2 Rb4 64. Re5 Rb3 65. Re4+ Kg5 66. h4+ Kf5 67. Rd4 Rb2 68. Rd5+ Kg4 69. Rd4+ Kf5 70. Kg3 Rb3+ 71. f3 Rb1 72. Rf4+ Kg6 73. Re4 Rg1+ 74. Kf4 Rh1 75. Re6+ Kf7 76. Re5 Rxh4+ 77. Kg5 Rb4 78. f4 Rb1 79. Rc5 b4 80. Rc7+ Ke6 81. Rb7 b3 82. Kxh5 Kf5 83. Rf7+ Ke4 84. Kg6 Rg1+ 85. Kf6 Kxf4 0-1


[Site "https://www.chess.com"]

[Event "Titled Tuesday Blitz August 22 Early 2023"]
[White "parintele_chess"]
[Black "Bogaudinov, Rushan"]
[BlackFideId "4129288"]
[WhiteElo "2226"]
[BlackElo "2397"]
[Result "0-1"]
[Round "7"]
[TimeControl "180+1"]
[Date "2023.08.22"]
[WhiteClock "0:00:03"]
[BlackClock "0:00:31"]
[Board "176"]

1. d4 Nf6 2. Bf4 d5 3. Nf3 c6 4. e3 g6 5. c4 Bg7 6. Nc3 O-O 7. Bd3 dxc4 8. Bxc4 b5 9. Bd3 a6 10. h3 Bb7 11. O-O Nbd7 12. b4 a5 13. a3 axb4 14. axb4 Nb6 15. Be5 Nfd5 16. Nxd5 Nxd5 17. Qb3 Bxe5 18. Nxe5 Qd6 19. Be4 Rxa1 20. Rxa1 Nxb4 21. Rb1 Nd5 22. Bxd5 cxd5 23. Qxb5 Ba6 24. Qc5 Qxc5 25. dxc5 Rc8 26. Rb6 Bc4 27. c6 f6 28. Nf3 e5 29. Nd2 Kf7 30. Nxc4 dxc4 31. Kf1 Ke7 32. Ke2 Kd6 33. Kd2 Kc5 34. Rb7 Kxc6 35. Rxh7 Kd5 36. Kc3 Ra8 37. Rd7+ Ke6 38. Rc7 Ra2 39. f4 Rxg2 40. fxe5 Kxe5 41. Rxc4 Rg3 42. Rb4 Rxe3+ 43. Kd2 Rxh3 44. Ke2 g5 45. Kf2 Rd3 46. Rb5+ Rd5 47. Rb4 Kf5 48. Kf3 Rd3+ 49. Ke2 Ra3 50. Kf2 Kg6 51. Rb5 f5 52. Kg2 g4 53. Kf2 Kg5 54. Rb4 Ra2+ 55. Kg3 Ra3+ 56. Kg2 f4 57. Rb8 Ra2+ 58. Kg1 g3 59. Rg8+ Kf5 60. Rf8+ Ke4 61. Re8+ Kf3 62. Re1 Kg4 63. Kh1 f3 64. Rg1 Rh2# 0-1


[Site "https://www.chess.com"]

[Event "Titled Tuesday Blitz August 22 Early 2023"]
[White "Kuchava, Ana"]
[Black "Carrasco Miranda, Andres"]
[WhiteFideId "13605348"]
[BlackFideId "3405990"]
[WhiteElo "2184"]
[BlackElo "2395"]
[Result "0-1"]
[Round "7"]
[TimeControl "180+1"]
[Date "2023.08.22"]
[WhiteClock "0:00:00"]
[BlackClock "0:00:21"]
[Board "177"]

1. d4 Nf6 2. Nf3 g6 3. c4 Bg7 4. Nc3 O-O 5. e4 d6 6. Be2 e5 7. O-O Nc6 8. Be3 Ng4 9. Bg5 f6 10. Bc1 Nh6 11. dxe5 dxe5 12. Qxd8 Nxd8 13. h3 c6 14. Be3 Ne6 15. Rfd1 Nf7 16. Rd2 f5 17. Rdd1 f4 18. Bd2 Nd4 19. Be1 Nxe2+ 20. Nxe2 Be6 21. b3 a5 22. Bc3 b6 23. Rd2 Rfd8 24. Rad1 Rxd2 25. Rxd2 a4 26. Kh2 Kf8 27. Nc1 axb3 28. axb3 b5 29. cxb5 cxb5 30. Bb4+ Ke8 31. Rd3 Rc8 32. Ne2 Rc2 33. Rd2 Bxb3 34. Rxc2 Bxc2 35. Nc3 Bd3 36. Ne1 Bc4 37. f3 Bf8 38. Bxf8 Kxf8 39. Nc2 Ke7 40. Na3 b4 41. Nxc4 bxc3 42. Na3 Nd6 43. Kg1 Nb5 44. Nc2 Nd4 0-1


[Site "https://www.chess.com"]

[Event "Titled Tuesday Blitz August 22 Early 2023"]
[White "Polaczek, Richard"]
[Black "Baruch, Liam"]
[WhiteFideId "200026"]
[BlackFideId "14322064"]
[WhiteElo "2390"]
[BlackElo "2160"]
[Result "1-0"]
[Round "7"]
[TimeControl "180+1"]
[Date "2023.08.22"]
[WhiteClock "0:00:34"]
[BlackClock "0:00:02"]
[Board "178"]

1. d4 d5 2. c4 e6 3. Nc3 Nf6 4. cxd5 exd5 5. Bg5 Be7 6. e3 c6 7. Qc2 O-O 8. Bd3 Nbd7 9. Nge2 Re8 10. O-O Nf8 11. f3 Be6 12. Rad1 Nh5 13. Bxe7 Qxe7 14. e4 Ng6 15. Qd2 Rad8 16. e5 c5 17. f4 Bg4 18. h3 Bxe2 19. Nxe2 cxd4 20. g4 Nhxf4 21. Nxf4 Qxe5 22. Rde1 Qd6 23. Bxg6 hxg6 24. Qxd4 g5 25. Nh5 f6 26. Rxe8+ Rxe8 27. Rf5 Kh8 28. Rxd5 Qe7 29. Ng3 Qe1+ 30. Nf1 Qe7 31. Rd7 Qf8 32. Ne3 Rc8 33. Nf5 Rc1+ 34. Kg2 Rc2+ 35. Kf3 Rc8 36. Ne7 Qf7 37. Nxc8 Kh7 38. Rxf7 1-0


[Site "https://www.chess.com"]

[Event "Titled Tuesday Blitz August 22 Early 2023"]
[White "Cagara, Paulina"]
[Black "Prudnykova, Olga"]
[WhiteFideId "1124870"]
[BlackFideId "14121093"]
[WhiteElo "2148"]
[BlackElo "2385"]
[Result "0-1"]
[Round "7"]
[TimeControl "180+1"]
[Date "2023.08.22"]
[WhiteClock "0:01:11"]
[BlackClock "0:00:57"]
[Board "179"]

1. e4 c5 2. Nc3 a6 3. f4 b5 4. Nf3 Bb7 5. d3 e6 6. Be3 b4 7. Na4 d5 8. Nxc5 Bxc5 9. Bxc5 Qa5 10. Bd4 Nf6 11. Bxf6 gxf6 12. exd5 Bxd5 13. Qd2 Qb6 14. Be2 O-O 15. f5 e5 16. Qh6 Nd7 17. Nd2 Kh8 18. g4 Rac8 19. Rg1 Qxg1+ 20. Nf1 Rxc2 21. a3 b3 22. Rd1 Bf3 23. Rd2 Rc1+ 24. Rd1 Rxd1+ 25. Bxd1 Bxd1 26. Kxd1 Qxf1+ 27. Kd2 Qf4+ 0-1


[Site "https://www.chess.com"]

[Event "Titled Tuesday Blitz August 22 Early 2023"]
[White "Gheorghiu, Calin"]
[Black "Seifert, Henryk"]
[WhiteFideId "1200305"]
[BlackFideId "1100963"]
[WhiteElo "2380"]
[BlackElo "2140"]
[Result "1-0"]
[Round "7"]
[TimeControl "180+1"]
[Date "2023.08.22"]
[WhiteClock "0:00:06"]
[BlackClock "0:00:00"]
[Board "180"]

1. e4 e6 2. d4 d5 3. e5 c5 4. c3 Nc6 5. Nf3 Qb6 6. Bd3 cxd4 7. O-O Bd7 8. a3 a5 9. Re1 Nge7 10. h4 h5 11. Ng5 g6 12. c4 dxc4 13. Nd2 Nf5 14. Nxc4 Qc7 15. Bxf5 gxf5 16. Bf4 Be7 17. Rc1 a4 18. Qf3 Rc8 19. Qg3 Rg8 20. Qf3 Rh8 21. Qg3 Rg8 22. Nd6+ Bxd6 23. exd6 Qb6 24. Qh3 Qxb2 25. Qxf5 Rf8 26. Nh7 d3 27. Nxf8 d2 28. Bxd2 Qxd2 29. Qf6 Qd4 30. Qxd4 Nxd4 31. Nxd7 Kxd7 32. Rxc8 Kxc8 33. Rc1+ Kd7 34. Rc7+ Kxd6 35. Rxb7 f5 36. Rh7 Nc2 37. Rxh5 Nxa3 38. Rh8 Nb5 39. h5 a3 40. h6 a2 41. Ra8 Nc3 42. h7 Kc5 43. h8=Q Kc4 44. Qxc3+ Kxc3 45. Rxa2 1-0


[Site "https://www.chess.com"]